 Dungeon Crawl Stone Soup version 0.30-a0-374-g95c0257040 (webtiles) character file.

Game seed: 11456631717050984267

242 funkygono the Firebug (level 5, 0/35 HPs)
             Began as a Demonspawn Fire Elementalist on Nov 25, 2022.
             Slain by Duvessa
             ... wielding a +0 short sword
              (11 damage)
             ... on level 3 of the Dungeon.
             The game lasted 00:06:13 (3300 turns).

funkygono the Firebug (DsFE)                        Turns: 3300, Time: 00:06:14

Health: 0/35       AC: 10    Str: 12    XL:     5   Next: 82%
Magic:  4/10       EV: 12    Int: 18    God:
Gold:   170        SH:  0    Dex: 13    Spells: 1/11 levels left

rFire   . . .      SeeInvis .    j - +2 whip (freeze)
rCold   + . .      Faith    .    (no shield)
rNeg    . . .      Spirit   .    a - +0 robe
rPois   .          Reflect  .    i - +1 helmet
rElec   .          Harm     .    (no cloak)
rCorr   .          Rampage  .    d - +1 pair of gloves
Will    .....                    p - +1 pair of boots of Eternal Night {Str+3}
Stlth   +.........               (no amulet)
HPRegen 1.25/turn                m - ring of protection from cold
MPRegen 0.24/turn                (no ring)

@: lit by a corona, glowing
A: icy blue scales 1, powered by death 1, magic regeneration
a: no special abilities


You were on level 3 of the Dungeon.
You visited 1 branch of the dungeon, and saw 4 of its levels.

You collected 170 gold pieces.

Inventory:

Hand Weapons
 c - a +0 mace
 h - a +1 dagger of protection
 j - a +2 whip of freezing (weapon)
Armour
 a - a +0 robe (worn)
 d - a +1 pair of gloves (worn)
 i - a +1 helmet (worn)
 p - the +1 pair of boots of Eternal Night (worn) {Str+3}
   (You found it on level 2 of the Dungeon)

   Str:       It affects your strength (+3).
Jewellery
 m - a ring of protection from cold (left hand)
Wands
 g - a wand of flame (23)
Scrolls
 f - a scroll of enchant armour
Potions
 b - 3 potions of magic
 e - a potion of heal wounds
 k - 2 potions of haste
 n - a potion of lignification
 o - a potion of attraction
 q - a potion of curing {unknown}


   Skills:
 + Level 0.4 Maces & Flails
 + Level 2.2 Dodging
 - Level 1.7 Stealth
 + Level 3.7 Spellcasting
 + Level 1.7 Conjurations
 + Level 4.5 Fire Magic


You had one spell level left.
You knew the following spells:

 Your Spells              Type           Power      Damage    Failure   Level
a - Foxfire               Conj/Fire      56%        2x1d6     4%          1
b - Scorch                Fire           38%        2d7       3%          2
c - Kindle Blastsparks    Fire/Tloc/Air  16%        2d11      24%         3
d - Flame Wave            Conj/Fire      14%        2d6       38%         4

Your spell library contained the following spells:

 Spells                   Type           Power      Damage    Failure   Level
 Kiss of Death            Conj/Necr      24%        2d7       11%         1
 Inner Flame              Hex/Fire       11%        N/A       19%         3
 Confusing Touch          Hex            3%         N/A       41%         3
 Dispel Undead            Necr           3%         3d7       83%         4


Dungeon Overview and Level Annotations

Branches:
Dungeon (4/15)             Temple (0/1) D:4

Altars:
Nemelex Xobeh

Annotations:
D:3 Duvessa


Innate Abilities, Weirdness & Mutations

You are partially covered in icy blue scales. (AC +2)
You regenerate a little health from kills.
You regenerate magic rapidly.


Message History

You climb upwards.
There is a stone staircase leading down here.
Casting: Scorch (safe; 4% risk of failure)
Confirm with . or Enter, or press ? or * to list all spells.
You conjure some foxfire!
Dowan is no longer more vulnerable to fire.
Duvessa closely misses you.
Dowan points at you and mumbles some strange words.
You are outlined in light.
Unknown command.
Casting: Foxfire (safe; 4% risk of failure)
Confirm with . or Enter, or press ? or * to list all spells.
Flames lash Dowan.
Dowan is heavily wounded.
Dowan's fire resistance burns away.
The foxfire hits Duvessa.
Duvessa is lightly wounded.
The foxfire hits Duvessa.
Duvessa is moderately wounded.
Duvessa hits you with a +0 short sword! Dowan closely misses you.
Casting: Scorch (safe; 4% risk of failure)
Confirm with . or Enter, or press ? or * to list all spells.
You conjure some foxfire!
Duvessa hits you with a +0 short sword.
Dowan points at you and mumbles some strange words.
The puff of flame misses you.
Casting: Foxfire (safe; 4% risk of failure)
Confirm with . or Enter, or press ? or * to list all spells.
Flames lash Dowan.
Dowan is burned terribly!
You kill Dowan!
Duvessa screams in rage.
Duvessa goes berserk!
The foxfire hits Duvessa but does no damage.
Duvessa is moderately wounded.
The foxfire hits Duvessa but does no damage.
Duvessa is moderately wounded.
Duvessa hits you with a +0 short sword. Duvessa hits you with a +0 short sword!
* * * LOW HITPOINT WARNING * * *
Casting: Scorch (safe; 3% risk of failure)
Confirm with . or Enter, or press ? or * to list all spells.
You conjure some foxfire!
Duvessa hits you with a +0 short sword!
You die...

#.......#.##.#....)..#.
#.......'.........#.###
#.......#.#.##.........
#########.#............
#..............#.#####
#.#######..#...#.#####
#.#........#...#......
#.#.§ve....#...#######
#.###@.........# #.
#....v§###.#...# #.
#####..# #.#...# #.
#..###.#...# #.
##..##.#...# #.
#..##.#...# ##
#.....###.#######
#.###............
#.#######..######


You could see Duvessa (berserk, ally target).

Vanquished Creatures
  Dowan (D:3)
  A hound (D:3)
  Jessica (D:2)
  Robin (D:2)
  2 adders
  A worm (D:2)
  2 dart slugs
  10 orcs (D:3)
  4 endoplasms
  4 giant cockroaches
  6 hobgoblins
  4 jackals (D:2)
  5 kobolds
  6 quokkas
  5 ball pythons
  6 bats
  4 frilled lizards
  11 goblins
  7 rats
81 creatures vanquished.

Vanquished Creatures (others)
  194 foxfires
194 creatures vanquished.

Grand Total: 275 creatures vanquished

Notes
Turn   | Place    | Note
-------+----------+-------------------------------------------
     0 | D:1      | funkygono the Demonspawn Fire Elementalist began the quest
                  | for the Orb.
     0 | D:1      | Reached XP level 1. HP: 13/13 MP: 3/3
    76 | D:1      | Reached skill level 3 in Fire Magic
   178 | D:1      | Gained mutation: You are partially covered in icy blue
                  | scales. (AC +2) [demonic ancestry]
   178 | D:1      | Reached XP level 2. HP: 19/19 MP: 1/5
   181 | D:1      | Learned a level 2 spell: Scorch
  1091 | D:1      | Reached XP level 3. HP: 24/24 MP: 3/6
  1096 | D:1      | Learned a level 3 spell: Kindle Blastsparks
  1629 | D:2      | Noticed Jessica
  1637 | D:2      | Killed Jessica
  1638 | D:2      | Gained mutation: You regenerate magic rapidly. [demonic
                  | ancestry]
  1638 | D:2      | Reached XP level 4. HP: 24/30 MP: 1/8
  1686 | D:2      | Noticed Robin
  1698 | D:2      | Killed Robin
  1793 | D:2      | Reached skill level 4 in Fire Magic
  2024 | D:2      | Identified the +1 pair of boots of Eternal Night {Str+3}
  2772 | D:3      | Gained mutation: You regenerate a little health from kills.
                  | [demonic ancestry]
  2772 | D:3      | Reached XP level 5. HP: 35/35 MP: 4/9
  3033 | D:3      | Found a sparkling altar of Nemelex Xobeh.
  3231 | D:3      | Learned a level 4 spell: Flame Wave
  3241 | D:4      | Noticed Duvessa
  3241 | D:4      | Noticed Dowan
  3241 | D:4      | Found a staircase to the Ecumenical Temple.
  3299 | D:3      | Killed Dowan
  3300 | D:3      | Slain by Duvessa

Illustrated notes

Levels and vault maps discovered:
D:1:      dpeg_arrival_prison, layout_basic
D:2:      layout_rooms, uniq_robin, uniq_jessica
D:3:      layout_basic, nemelex_dance_club_becter
D:4:      layout_basic, nicolae_gozag_seed_capital,
          minmay_temple_entry_crystal_x, uniq_duvessa

Skill      XL: |  1  2  3  4 |
---------------+-------------+-----
Fire Magic     | 3 4 |  4.5
Dodging        | 2 |  2.2
Spellcasting   | 3 |  3.7
Maces & Flails | |  0.4
Stealth        | |  1.7
Conjurations   | |  1.7

Action                   |  1- 3 |  4- 6 || total
-------------------------+-------+-------++-------
Melee: Mace              |     1 |     3 ||     4
 Cast: Foxfire           |    51 |    60 ||   111
       Scorch            |     9 |    22 ||    31
  Use: Scroll            |     6 |     8 ||    14
Armor: Robe              |     5 |     9 ||    14
Dodge: Dodged            |     4 |    10 ||    14

Table legend: (Time is in decaauts)
 A = Elapsed time spent in this place.
 B = Non-inter-level travel time spent in this place.
 C = Inter-level travel time spent in this place.
 D = Time resting spent in this place.
 E = Time spent auto-exploring this place.
 F = Levels seen in this place.
 G = Mean time per level.
                   A        B        C        D        E       F      G
               +--------+--------+--------+--------+--------+-----+--------+
         Total |   3301 |   3256 |     45 |    149 |   2597 |   4 |  825.2 |
       Dungeon |   3301 |   3256 |     45 |    149 |   2597 |   4 |  825.2 |
               +--------+--------+--------+--------+--------+-----+--------+

Top non-repeatable levels by time:
     D:1: 1413 daAuts
     D:3: 995 daAuts
     D:2: 883 daAuts
     D:4: 8 daAuts
